 Dungeon Crawl Stone Soup version 0.21.1-1-g345015f (webtiles) character file.

76 tidbits the Sneak (level 4, 0/32 HPs)
             Began as a Gnoll Enchanter on June 6, 2018.
             Killed from afar by an orc wizard (8 damage)
             ... with a puff of flame
             ... on level 3 of the Dungeon.
             The game lasted 00:04:43 (417 turns).

tidbits the Sneak (Gnoll Enchanter)                  Turns: 417, Time: 00:04:43

Health: 0/32       AC:  2    Str: 10    XL:     4   Next: 32%
Magic:  9/11       EV: 14    Int: 21    God:
Gold:   36         SH:  0    Dex: 14    Spells: 4/13 levels left

rFire    . . .     SeeInvis .   n - +2 dagger (venom)
rCold    . . .     Gourm    +   (no shield)
rNeg     . . .     Faith    .   b - +0 robe
rPois    .         Spirit   .   (no helmet)
rElec    .         Reflect  .   (no cloak)
rCorr    .         Harm     .   (no gloves)
MR       .....     Clarity  +   (no boots)
Stlth    +++.......             g - amulet of the gourmand
HPRegen  0.10/turn              j - +3 ring of intelligence
MPRegen  0.12/turn              (no ring)

@: lethally poisoned (0 -> -5)
A: distributed training, fangs 1, clarity, clumsy 1, strong nose
a: no special abilities


You were on level 3 of the Dungeon.
You were not hungry.

You visited 1 branch of the dungeon, and saw 4 of its levels.

You collected 36 gold pieces.

Inventory:

Hand Weapons
 a - a +1 dagger
 n - a +2 dagger of venom (weapon)
   (You found it on level 3 of the Dungeon)
Missiles
 f - 30 stones (quivered)
Armour
 b - a +0 robe (worn)
 l - a +0 ring mail of fire resistance
   (You found it on level 2 of the Dungeon)
Jewellery
 g - an amulet of the gourmand (around neck)
   (You found it on level 1 of the Dungeon)
 j - a +3 ring of intelligence (left hand)
   (You found it on level 3 of the Dungeon)
Scrolls
 e - 2 scrolls of amnesia {unknown}
 h - a scroll of enchant weapon {unknown}
 i - 4 scrolls of identify {unknown}
 k - a scroll of magic mapping {unknown}
Books
 d - a book of Maledictions

   Spells                             Type                      Level
   a - Corona                         Hexes                        1
   b - Ensorcelled Hibernation        Hexes/Ice                    2
   c - Confuse                        Hexes                        3
   d - Tukima's Dance                 Hexes                        3
   e - Dazzling Spray                 Conjuration/Hexes            3
Comestibles
 c - 4 rations


   Skills:
 + Level 1.1 Fighting
 + Level 2.7 Short Blades
 + Level 1.1 Long Blades
 + Level 1.1 Axes
 + Level 1.1 Maces & Flails
 + Level 1.1 Polearms
 + Level 1.1 Staves
 + Level 1.1 Slings
 + Level 1.1 Bows
 + Level 1.1 Crossbows
 + Level 1.1 Throwing
 + Level 1.1 Armour
 + Level 4.6 Dodging
 + Level 6.0 Stealth
 + Level 1.1 Shields
 + Level 1.1 Unarmed Combat
 + Level 5.0 Spellcasting
 + Level 0.8 Conjurations
 + Level 5.4 Hexes
 + Level 0.8 Charms
 + Level 0.8 Summonings
 + Level 0.8 Necromancy
 + Level 0.8 Translocations
 + Level 0.8 Transmutations
 + Level 0.8 Fire Magic
 + Level 0.8 Ice Magic
 + Level 0.8 Air Magic
 + Level 0.8 Earth Magic
 + Level 0.8 Poison Magic
 + Level 1.2 Invocations
 + Level 1.1 Evocations


You had 4 spell levels left.
You knew the following spells:

 Your Spells              Type           Power        Failure   Level  Hunger
a - Corona                Hex            ####...      1%          1    None
c - Confuse               Hex            ####....     3%          3    ##.....
d - Dazzling Spray        Conj/Hex       ###...       9%          3    ##.....
e - Ensorcelled Hibernat  Hex/Ice        ###...       4%          2    None


Dungeon Overview and Level Annotations

Branches:
Dungeon (4/15)
 Temple: D:4-7

Altars:


Innate Abilities, Weirdness & Mutations

Your experience applies equally to all skills.
You have very sharp teeth.
Your uncanny sense of smell can sniff out nearby items.
You possess an exceptional clarity of mind.
You are clumsy. (Dex -2)


Message History

Natasha, Servant of Life and Death comes into view.
Casting: Ensorcelled Hibernation
Confirm with . or Enter, or press ? or * to list all spells.
Aiming: Corona
Press: ? - help, Shift-Dir - straight line, f - Natasha
Aim: Natasha (hasn't noticed you, chance to defeat MR: 68%) Natasha hisses angrily.
Natasha is outlined in light.
Natasha casts a spell at you. You resist with significant effort.
Natasha stares at you and mumbles some strange words.
The magic dart hits you!
Casting: Corona
Confirm with . or Enter, or press ? or * to list all spells.
Aiming: Ensorcelled Hibernation
Press: ? - help, Shift-Dir - straight line, f/p - Natasha
Aim: Natasha (chance to defeat MR: 49%) Natasha looks drowsy...
The helpless Natasha fails to defend herself.
You impale Natasha!!
You kill Natasha!
Natasha yowls pathetically as she dies!
Your Fighting skill increases to level 1!
Your Long Blades skill increases to level 1!
Your Axes skill increases to level 1!
Your Maces & Flails skill increases to level 1!
Your Polearms skill increases to level 1!
Your Staves skill increases to level 1!
Your Slings skill increases to level 1!
Your Bows skill increases to level 1!
Your Crossbows skill increases to level 1!
Your Throwing skill increases to level 1!
Your Armour skill increases to level 1!
Your Shields skill increases to level 1!
Your Unarmed Combat skill increases to level 1!
Your Evocations skill increases to level 1!
You have reached level 4!
You feel agile.
You see here the felid corpse of Natasha.
You open the large door.
Unknown command.
An orc wizard comes into view. It is wielding a dagger.
The orc wizard shouts!
You hear a shout! x2
An orc and an orc wizard come into view.
There is a large open door here.
As you close the large door, it creaks loudly!
Adjust (i)tems, (s)pells, or (a)bilities?
Adjust which item? (? for menu, Esc to quit)
d - 4 rations Adjust to which letter? (? for menu, Esc to quit)
c - 4 rations;
d - a book of Maledictions Wield which item (- for none, * to show all)? (? for menu, Esc to quit)
c - 4 rations (in hand)
You swing at nothing.
You swing at nothing.
You swing at nothing.
You swing at nothing.
You swing at nothing.
An orc wizard opens the large door.
The orc wizard casts a spell at you. You resist with some effort.
Wield which item (- for none, * to show all)? (? for menu, Esc to quit)
a - a +1 dagger (weapon)
The orc throws a poisoned tomahawk.
The poisoned tomahawk hits you.
You are poisoned.
Casting: Ensorcelled Hibernation
Confirm with . or Enter, or press ? or * to list all spells.
Aiming: Ensorcelled Hibernation
Press: ? - help, Shift-Dir - straight line, f - orc
Aim: an orc, wielding a falchion and wearing a leather armour (chance to defeat MR: 66%)
The orc struggles to resist.
You feel sick.
The orc throws a poisoned tomahawk.
The poisoned tomahawk barely misses you.
You feel sick.
The orc wizard gestures at you while chanting.
You are confused.
The orc completely misses you.
It was a potion of mutation.
You feel extremely strange.
You feel clumsy.
Your thoughts seem clearer.
You feel sick. The orc misses you.
You bump into the rock wall.
The orc wizard hits you with a dagger.
* * * LOW HITPOINT WARNING * * *
The orc hits you with a falchion.
* * * LOW HITPOINT WARNING * * *
You feel sick.
You see here 2 poisoned tomahawks.
Unknown command.
You're too confused!
Unknown command.
Wield which item (- for none, * to show all)? (? for menu, Esc to quit)
Your +2 dagger of venom begins to drip with poison!
n - a +2 dagger of venom (weapon)
You barely miss the orc wizard.
You feel sick. The orc wizard hits you with a dagger.
* * * LOW HITPOINT WARNING * * *
You bump into the stone wall.
The orc wizard hits you but does no damage.
You barely miss the orc wizard.
You feel sick. The orc wizard closely misses you.
You feel less confused.
The orc wizard gestures at you while chanting.
The puff of flame hits you!
You die...

#.# #....# #≈≈≈≈≈≈ #.#
#....# ≈≈≈≈≈≈≈ #.#
#....# ≈≈≈≈≈≈≈ #.#
#....##≈≈≈≈≈≈≈
#.######†#.'.......
#.........o'.......
#####.######.#o#≈≈≈≈≈≈≈
#............#(#≈≈≈≈≈≈≈
#.............#@#≈≈≈≈≈≈≈
######.######.#.##≈≈≈≈≈≈
#.# ####.#.###≈≈≈o≈ #.#
#........##≈≈≈o #.#
#.##.#.### #≈≈o # #.#
#.##.#.# # #. #.##.#.#
########### #.##.#.#
###..........
#.##.#.####.......##.##


You could see an orc wizard and an orc.

Vanquished Creatures
  Natasha (twice) (D:3)
  An adder (D:2)
  An ooze (D:3)
  A giant cockroach (D:1)
  A goblin (D:1)
  A hobgoblin (D:3)
  A quokka (D:3)
  6 bats
  2 frilled lizards (D:3)
  2 rats (D:1)
18 creatures vanquished.

Notes
Turn   | Place    | Note
-------+----------+-------------------------------------------
     0 | D:1      | tidbits the Gnoll Enchanter began the quest for the Orb.
     0 | D:1      | Reached XP level 1. HP: 13/13 MP: 6/6
   187 | D:3      | Reached XP level 2. HP: 19/19 MP: 5/7
   193 | D:3      | Learned a level 2 spell: Ensorcelled Hibernation
   307 | D:3      | Reached skill level 5 in Spellcasting
   307 | D:3      | Reached XP level 3. HP: 24/25 MP: 0/9
   312 | D:3      | Learned a level 3 spell: Confuse
   316 | D:3      | Learned a level 3 spell: Dazzling Spray
   352 | D:3      | Noticed Natasha
   369 | D:3      | Killed Natasha
   369 | D:3      | Reached skill level 6 in Stealth
   369 | D:3      | Reached skill level 1 in Invocations
   380 | D:3      | Noticed Natasha
   390 | D:3      | Killed Natasha
   390 | D:3      | Reached skill level 1 in Fighting
   390 | D:3      | Reached skill level 1 in Long Blades
   390 | D:3      | Reached skill level 1 in Axes
   390 | D:3      | Reached skill level 1 in Maces & Flails
   390 | D:3      | Reached skill level 1 in Polearms
   390 | D:3      | Reached skill level 1 in Staves
   390 | D:3      | Reached skill level 1 in Slings
   390 | D:3      | Reached skill level 1 in Bows
   390 | D:3      | Reached skill level 1 in Crossbows
   390 | D:3      | Reached skill level 1 in Throwing
   390 | D:3      | Reached skill level 1 in Armour
   390 | D:3      | Reached skill level 1 in Shields
   390 | D:3      | Reached skill level 1 in Unarmed Combat
   390 | D:3      | Reached skill level 1 in Evocations
   390 | D:3      | Reached XP level 4. HP: 24/32 MP: 7/11
   410 | D:3      | Gained mutation: You are clumsy. (Dex -2) [potion of mutation]
   410 | D:3      | Gained mutation: You possess an exceptional clarity of mind. [potion of mutation]
   417 | D:3      | Killed from afar by an orc wizard

Skill      XL: |  1  2  3 |
---------------+----------+-----
Spellcasting   | 5 |  5.0
Stealth        | 6 |  6.0
Invocations    | 1 |  1.2
Fighting       | 1 |  1.1
Long Blades    | 1 |  1.1
Axes           | 1 |  1.1
Maces & Flails | 1 |  1.1
Polearms       | 1 |  1.1
Staves         | 1 |  1.1
Slings         | 1 |  1.1
Bows           | 1 |  1.1
Crossbows      | 1 |  1.1
Throwing       | 1 |  1.1
Armour         | 1 |  1.1
Shields        | 1 |  1.1
Unarmed Combat | 1 |  1.1
Evocations     | 1 |  1.1
Short Blades   | |  2.7
Dodging        | |  4.6
Conjurations   | |  0.8
Hexes          | |  5.4
Charms         | |  0.8
Summonings     | |  0.8
Necromancy     | |  0.8
Translocations | |  0.8
Transmutations | |  0.8
Fire Magic     | |  0.8
Ice Magic      | |  0.8
Air Magic      | |  0.8
Earth Magic    | |  0.8
Poison Magic   | |  0.8

Action                   |  1- 3 |  4- 6 || total
-------------------------+-------+-------++-------
Melee: Dagger            |    38 |     2 ||    40
       Bite              |     2 |       ||     2
 Cast: Corona            |    11 |       ||    11
       Ensorcelled Hiber |     8 |     1 ||     9
  Use: Potion            |       |     1 ||     1
 Stab: Sleeping          |     9 |       ||     9
Armor: Robe              |     1 |       ||     1
Dodge: Dodged            |    24 |     4 ||    28

Table legend:
 A = Turns spent in this place as a percentage of turns spent in the entire game.
 B = Non-inter-level travel turns spent in this place as a percentage of non-inter-level travel turns spent in the entire game.
 C = Inter-level travel turns spent in this place as a percentage of turns spent in this place.
 D = Turns resting spent in this place as a percentage of non-inter-level travel turns spent in this place.
 E = Turns spent auto-exploring this place as a percentage of non-inter-level travel turns spent in this place.
 F = Non-inter-level travel turns spent in this place divided by the number of levels of this place that you've seen.
                   A       B       C       D       E      F
               +-------+-------+-------+-------+-------+----------------------
         Total | 100.0 | 100.0 |   0.0 |   0.0 |   0.0 | 104.2
       Dungeon | 100.0 | 100.0 |   0.0 |   0.0 |   0.0 | 104.2
               +-------+-------+-------+-------+-------+----------------------

Table legend:
 A = Kills in this place as a percentage of kills in entire the game.
 B = Kills by you in this place as a percentage of kills by you in the entire game.
 C = Kills by friends in this place as a percentage of kills by friends in the entire game.
 D = Other kills in this place as a percentage of other kills in the entire game.
 E = Experience gained in this place as a percentage of experience gained in the entire game.
 F = Experience gained in this place divided by the number of levels of this place that you have seen.
                   A       B       C       D       E      F
               +-------+-------+-------+-------+-------+----------------------
         Total | 100.0 | 100.0 |   N/A |   N/A | 100.0 |  27.2
       Dungeon | 100.0 | 100.0 |   N/A |   N/A | 100.0 |  27.2
               +-------+-------+-------+-------+-------+----------------------

Vault maps used:
D:1:      dpeg_arrival_arbitrary_a
D:2:      serial_forest, infiniplex_forest_corner_2, infiniplex_forest_lined_1,
          infiniplex_forest_clump_double, infiniplex_forest_lined_3_way,
          infiniplex_forest_lined_room_3, infiniplex_forest_end_2,
          infiniplex_forest_end_3, chequers_ecumenical_altar_island,
          uniq_terence
D:3:      kennysheep_big_flooded_room, first_ration, uniq_natasha
D:4:      nicolae_overflow_crystal_walls, serial_shops, kennysheep_mini
